 Dungeon Crawl Stone Soup version 0.29.0-11-gd7f09526c8 (webtiles) character file.

Game seed: 12710444658980977220

16412 Conn the Arsonist (level 12, 0/108 HPs)
             Began as an Octopode Fire Elementalist on Sept 3, 2022.
             Was a Priest of Sif Muna.
             Slain by a freezing wraith (6 damage)
             ... on level 12 of the Dungeon.
             The game lasted 01:17:17 (15468 turns).

Conn the Arsonist (Octopode Fire Elementalist)     Turns: 15468, Time: 01:17:21

Health: 0/108      AC: 26    Str: 12    XL:     12   Next: 37%
Magic:  16/24      EV:  2    Int: 21    God:    Sif Muna [***...]
Gold:   1778       SH:  7    Dex: 13    Spells: 2/28 levels left

rFire   + + .      SeeInvis .   l - +6 morningstar of Nimio {vorpal, rPois rC+ rCorr Str+4}
rCold   + . .      Faith    +   c - +3 buckler {rF+}
rNeg    + . .      Spirit   .   (helmet currently unavailable)
rPois   +          Reflect  .   g - amulet of faith
rElec   .          Harm     .   e - +4 ring of evasion
rCorr   +          Rampage  .   d - +4 ring of evasion
Will    .....      NoTele   +   s - ring of protection from fire
Stlth   +++.......              K - ring "Veacal" {*Slow rPois rN+ rCorr}
HPRegen 0.28/turn               (no ring)
MPRegen 0.19/turn               (no ring)
                                (no ring)
                                (no ring)

@: mighty, tree-form, slowed, studying Throwing, very slow
A: stationary, stasis, torment immunity, boosted hp, almost no armour,
(amphibious), 8 rings, (camouflage 1), (gelatinous body 1), (nimble swimmer 1),
(tentacles)
a: Renounce Religion, Channel Magic, Forget Spell


You were on level 12 of the Dungeon.
You worshipped Sif Muna.
Sif Muna was most pleased with you.
You were a tree.
You visited 2 branches of the dungeon, and saw 13 of its levels.
You also visited: Gauntlet.

You collected 1847 gold pieces.
You spent 69 gold pieces at shops.

Inventory:

Hand Weapons
 f - the +11 short sword "Gyanneta" {spect, rCorr MP+9 Dex+2}
   (You found it in a Gauntlet)

   When its wielder attacks, the weapon's spirit leaps out and strikes again.
   The spirit shares a part of any damage it takes with its wielder.
   Dex:       It affects your dexterity (+2).
   MP:        It affects your magic capacity (+9).
   rCorr:     It protects you from acid and corrosion.
 i - a +0 dagger
 l - the +6 morningstar of Nimio (weapon) {vorpal, rPois rC+ rCorr Str+4}
   (You found it on level 2 of the Dungeon)

   It inflicts extra damage upon your enemies.
   Str:       It affects your strength (+4).
   rC:        It protects you from cold.
   rPois:     It protects you from poison.
   rCorr:     It protects you from acid and corrosion.
 n - a +3 dagger of protection
Missiles
 F - a curare-tipped dart
Armour
 c - a +3 buckler of fire resistance (worn)
Jewellery
 d - a +4 ring of evasion (right branch)
 e - a +4 ring of evasion (left branch)
 g - an amulet of faith (around neck)
 s - a ring of protection from fire (on tentacle)
 K - the ring "Veacal" (on tentacle) {*Slow rPois rN+ rCorr}
   (You found it in a Gauntlet)

   [ring of resist corrosion]

   rPois:     It protects you from poison.
   rN:        It protects you from negative energy.
   rCorr:     It protects you from acid and corrosion.
   *Slow:     It may slow you when you take damage.
Wands
 p - a wand of acid (15)
 q - a wand of polymorph (21)
 x - a wand of digging (5)
 z - a wand of paralysis (8)
 I - a wand of roots (3)
Scrolls
 b - 3 scrolls of silence
 m - 5 scrolls of magic mapping
 o - 2 scrolls of teleportation
 r - a scroll of enchant armour
 t - 3 scrolls of butterflies
 u - 3 scrolls of identify
 v - a scroll of immolation
 y - 2 scrolls of amnesia
 E - 2 scrolls of poison
 J - a scroll of fear
Potions
 a - 4 potions of magic
 h - 4 potions of flight
 j - 6 potions of curing
 k - 3 potions of resistance
 w - a potion of might
 A - a potion of brilliance
 C - 2 potions of heal wounds
 D - a potion of cancellation
Miscellaneous
 B - a phial of floods (inert)
 G - a lightning rod (4/4)


   Skills:
 + Level 3.3 Fighting
 + Level 6.5 Maces & Flails
 + Level 4.2 Dodging
 + Level 5.9 Stealth
 + Level 2.4 Shields
 + Level 8.9 Spellcasting
 * Level 8.8 Conjurations
 + Level 2.4 Hexes
 * Level 1.9 Summonings
 + Level 9.8 Fire Magic
 * Level 5.4 Air Magic
 * Level 3.8 Invocations
 + Level 0.5 Evocations


You had 2 spell levels left.
You knew the following spells:

 Your Spells              Type           Power      Damage    Failure   Level
a - Foxfire               Conj/Fire      100%       2x1d9     1%          1
b - Conjure Flame         Conj/Fire      48%        6-21      1%          3
c - Inner Flame           Hex/Fire       35%        N/A       2%          3
d - Flame Wave            Conj/Fire      48%        2d12      1%          4
e - Scorch                Fire           100%       2d10      1%          2
f - Airstrike             Air            16%        2d(3-19)  11%         4
g - Summon Lightning Spi  Summ/Air       24%        N/A       22%         4
h - Lightning Bolt        Conj/Air       19%        1d34      14%         5

Your spell library contained the following spells:

 Spells                   Type           Power      Damage    Failure   Level
 Summon Forest            Summ/Tloc      6%         N/A       87%         5
 Iron Shot                Conj/Erth      13%        9d3       94%         6
 Blade Hands              Tmut           4%         N/A       95%         5
 Dispersal                Tloc           4%         N/A       100%        6
 Eringya's Noxious Bog    Tmut/Pois      4%         N/A       100%        6
 Summon Hydra             Summ           8%         N/A       100%        7
 Disjunction              Tloc           4%         N/A       100%        8
 Animate Armour           Summ/Erth      Unusable   N/A       N/A         4

Dungeon Overview and Level Annotations

Branches:
Dungeon (12/15)            Temple (1/1) D:7            Lair (0/5) D:8
    Orc (0/2) D:12        Gauntlet (visited)

Altars:
Dithmenos
Fedhas
Hepliaklqana
Kikubaaqudgha
Makhleb
Nemelex Xobeh
Sif Muna
Xom
Zin
The Shining One

Shops:
D:9 *

Annotations:
D:3 3 runed translucent doors, knorpule3000's ghost, amateur DrFE
D:6 1 runed translucent door, sipior's ghost, novice GrVM
D:12 3 runed translucent doors, exclusion: orange crystal statue, Peloso's ghost, journeyman MiFi


Innate Abilities, Weirdness & Mutations

You are a tree.
Your roots penetrate the ground, keeping you stationary.
You cannot be teleported.
You are immune to unholy pain and torment.
Your maximum health is greatly increased.
You cannot wear most types of armour.
((You are amphibious.))
You can wear up to eight rings at the same time.
((Your skin changes colour to match your surroundings (Stealth+).))
((Your rubbery body absorbs attacks. (AC +1, EV +1)))
((You are camouflaged when in or above water. (Stealth+)))
((You have tentacles for arms and can constrict up to eight enemies at once.))


Message History

The flame wave engulfs something!
The flame wave engulfs the phantasmal warrior.
The phantasmal warrior is moderately damaged.
The flame wave engulfs something.
The flame wave engulfs Peloso's ghost but does no damage.
Something hits you! Something drains your vigour!
You feel as though you will be slow longer.
The freezing wraith hits you but does no damage.
The freezing wraith hits you! The freezing wraith drains your vigour!
You feel as though you will be slow longer.
Something hits you! Something drains your vigour!
You feel as though you will be slow longer.
The phantasmal warrior hits you.
Peloso's ghost hits you but does no damage.
A wave of flame ripples out!
The flame wave engulfs the freezing wraith!
The freezing wraith is burned terribly!
The freezing wraith is heavily damaged.
The flame wave engulfs something!
The flame wave engulfs the phantasmal warrior!
The phantasmal warrior is heavily damaged.
The flame wave engulfs something!
Sif Muna accepts your kill.
Reactivating autopickup.
You feel a bit more experienced.
The flame wave engulfs Peloso's ghost.
Peloso's ghost resists.
Peloso's ghost is lightly damaged.
The flame wave engulfs the phantasmal warrior!
The phantasmal warrior is heavily damaged.
You finish channelling waves of flame.
You block the phantasmal warrior's attack.
Peloso's ghost hits you!!
* * * LOW HITPOINT WARNING * * *
The freezing wraith hits you but does no damage. x2
Something hits you but does no damage.
Deactivating autopickup; reactivate with Ctrl-A.
The phantasmal warrior hits you!!
* * * LOW HITPOINT WARNING * * *
The freezing wraith hits you.
You die...

.....#
#######'####...##.###.###
##'### #.#.#.#.##
#...#..#.....# ...#
#.....#..# #..##.##..(..#
.###
#8|..?'..####.+..+..$8[..
##### #.?...'...#
#.##.##../..# ....#
#8!...'...###..#..#.....#
....#
#)....#W..+....##.###.###
....#
#.#.#.#W[W###...#...#+#..
....# #######{♣W#
###.###.....# ....#
#.........# #...###.###
.[..### #.........#
###...#+#..
....'.###.........#
###......
....#...'.........#
#[.....
....#####.........#
####### ....# ###########
#####


You could see 2 phantasmal warriors, a freezing wraith and Peloso's ghost.

Vanquished Creatures
  A minotaur (Gauntlet)
  A boulder beetle (D:11)
  A two-headed ogre (D:9)
  A shadow wraith (D:12)
  A glowing orange brain (Gauntlet)
  Pikel (D:5)
  An ugly thing (Gauntlet)
  4 cyclopes (D:11)
  An elephant (D:8)
  2 gargoyles (D:12)
  An efreet (Gauntlet)
  3 trolls
  2 hornets
  A slime creature (D:12)
  Grinder (D:6)
  A tarantella (shapeshifter) (D:10)
  A nameless horror (Gauntlet)
  Sigmund (D:6)
  3 wyverns
  3 wraiths
  9 yaks
  A vampire (D:11)
  2 basilisks
  6 vampire mosquitoes (D:12)
  A steam dragon (D:6)
  2 orc warriors
  3 black bears
  4 ice beasts
  7 centaurs
  4 lemures (D:5)
  Blork the orc (D:6)
  3 bullfrogs
  2 kobold brigands
  A necrophage (D:7)
  4 scorpions
  2 gnoll sergeants
  12 wights
  16 killer bees
  3 howler monkeys (D:9)
  Crazy Yiuf (D:2)
  A hound (D:4)
  2 jellies
  A gnoll bouda (D:8)
  9 orc priests
  An iguana (D:5)
  Natasha (thrice) (D:4)
  4 orc wizards
  4 adders
  13 gnolls
  2 shadow imps (D:7)
  A white imp (D:7)
  2 ufetubi (D:6)
  A dart slug (D:3)
  41 orcs
  2 bats
  3 endoplasms (D:1)
  A giant cockroach (D:1)
  4 hobgoblins
  5 jackals
  4 quokkas
  7 ball pythons
  3 frilled lizards
  13 goblins
  25 kobolds
  6 rats
273 creatures vanquished.

Vanquished Creatures (collateral kills)
  Nergalle (D:12)
  A fire elemental (Gauntlet)
  A hell hound (Gauntlet)
  A foxfire (D:8)
4 creatures vanquished.

Vanquished Creatures (others)
  A nameless horror (Gauntlet)
  A butterfly (D:6)
  13 demonic plants (Gauntlet)
  751 foxfires
  5 fungi (D:2)
  A plant (D:8)
772 creatures vanquished.

Grand Total: 1049 creatures vanquished

Notes
Turn   | Place    | Note
-------+----------+-------------------------------------------
     0 | D:1      | Conn the Octopode Fire Elementalist began the quest for the
                  | Orb.
     0 | D:1      | Reached XP level 1. HP: 11/11 MP: 3/3
   189 | D:1      | Reached XP level 2. HP: 17/17 MP: 0/5
   983 | D:2      | Reached XP level 3. HP: 21/21 MP: 3/6
   986 | D:2      | Learned a level 2 spell: Scorch
   991 | D:2      | Learned a level 3 spell: Conjure Flame
  1233 | D:2      | Identified the +6 morningstar of Nimio {vorpal, rPois rC+
                  | rCorr Str+4}
  1504 | D:2      | Found a runed translucent door.
  1505 | D:2      | Noticed Crazy Yiuf
  1542 | D:2      | Killed Crazy Yiuf
  1543 | D:2      | Reached XP level 4. HP: 27/27 MP: 0/7
  1941 | D:3      | Reached skill level 1 in Maces & Flails
  1961 | D:3      | Noticed knorpule3000's ghost (amateur DrFE)
  2057 | D:3      | Reached XP level 5. HP: 31/31 MP: 5/9
  2428 | D:3      | Found a runed translucent gate.
  2428 | D:3      | Found a runed translucent gate.
  2428 | D:3      | Found a runed translucent gate.
  2648 | D:3      | Identified a scroll of acquirement
  2648 | D:3      | Acquired 1021 gold pieces
  2678 | D:3      | Learned a level 3 spell: Inner Flame
  2966 | D:4      | Found a hazy altar of Hepliaklqana.
  2996 | D:4      | Reached skill level 4 in Fire Magic
  3104 | D:4      | Noticed Natasha
  3111 | D:4      | Killed Natasha
  3171 | D:4      | Noticed a black bear
  3185 | D:4      | Killed a black bear
  3186 | D:4      | Reached XP level 6. HP: 36/36 MP: 2/10
  3424 | D:4      | Noticed Natasha
  3429 | D:4      | Killed Natasha
  3515 | D:4      | Noticed Natasha
  3639 | D:4      | Killed Natasha
  4108 | D:5      | Entered Level 5 of the Dungeon
  4280 | D:5      | Noticed Pikel
  4576 | D:5      | Noticed an ice beast
  4618 | D:5      | Killed an ice beast
  4619 | D:5      | Reached XP level 7. HP: 30/42 MP: 1/12
  4741 | D:4      | Learned a level 4 spell: Flame Wave
  4780 | D:5      | Killed Pikel
  4781 | D:5      | Reached skill level 1 in Fighting
  4781 | D:5      | Reached skill level 5 in Fire Magic
  4781 | D:5      | Reached XP level 8. HP: 28/48 MP: 4/14
  5050 | D:6      | Noticed Grinder
  5052 | D:6      | Paralysed by Grinder for 4 turns
  5057 | D:6      | Killed Grinder
  5137 | D:6      | Noticed Blork the orc
  5141 | D:6      | Killed Blork the orc
  5142 | D:6      | Reached skill level 5 in Spellcasting
  5142 | D:6      | Reached skill level 6 in Fire Magic
  5443 | D:6      | Found a shimmering altar of Xom.
  5504 | D:6      | Noticed Sigmund
  5508 | D:6      | Killed Sigmund
  5509 | D:6      | Reached XP level 9. HP: 53/53 MP: 4/17
  5871 | D:6      | Found a runed translucent door.
  5872 | D:6      | Found a shimmering altar of Xom.
  5872 | D:6      | Noticed sipior's ghost (novice GrVM)
  5873 | D:6      | Noticed a +1 falchion of chaos
  5882 | D:6      | Learned a level 4 spell: Airstrike
  6057 | D:5      | Found a blossoming altar of Fedhas.
  6219 | D:5      | Found a shadowy altar of Dithmenos.
  6219 | D:5      | Found a glowing golden altar of the Shining One.
  6220 | D:5      | Found a burning altar of Makhleb.
  6642 | D:7      | Reached skill level 5 in Stealth
  6642 | D:7      | Reached skill level 5 in Conjurations
  6646 | D:7      | Reached skill level 7 in Fire Magic
  6646 | D:7      | Reached skill level 1 in Air Magic
  6681 | D:7      | Found a staircase to the Ecumenical Temple.
  6691 | Temple   | Entered the Ecumenical Temple
  6702 | Temple   | Became a worshipper of Sif Muna the Loreminder
  7266 | D:7      | Noticed a troll
  7268 | D:7      | Reached XP level 10. HP: 53/60 MP: 11/19
  7270 | D:7      | Reached skill level 1 in Shields
  7327 | D:8      | Reached skill level 5 in Maces & Flails
  7410 | D:8      | Reached * piety under Sif Muna
  8429 | D:8      | Noticed an elephant
  8444 | D:8      | Killed an elephant
  8445 | D:8      | Reached skill level 1 in Hexes
  8511 | D:8      | Found a staircase to the Lair.
  9010 | D:8      | Reached skill level 8 in Fire Magic
  9500 | D:9      | Learned a level 4 spell: Summon Lightning Spire
  9594 | D:9      | Noticed a two-headed ogre
  9606 | D:9      | Killed a two-headed ogre
  9619 | D:9      | Reached XP level 11. HP: 66/66 MP: 0/21
  9731 | D:9      | Found Gona Fao's Assorted Antiques.
 10069 | D:9      | Bought a scroll of teleportation for 69 gold pieces
 10120 | D:9      | Reached ** piety under Sif Muna
 10356 | D:10     | Entered Level 10 of the Dungeon
 10660 | D:10     | Reached skill level 9 in Fire Magic
 12186 | D:11     | Noticed a cyclops
 12197 | D:11     | Killed a cyclops
 12198 | D:11     | Reached skill level 1 in Invocations
 12238 | D:11     | Noticed a cyclops
 12255 | D:11     | Killed a cyclops
 12313 | D:11     | Noticed a cyclops
 12324 | D:11     | Killed a cyclops
 12324 | D:11     | Reached *** piety under Sif Muna
 12469 | D:11     | Noticed a cyclops
 12484 | D:11     | Killed a cyclops
 13086 | D:11     | Noticed a boulder beetle
 13106 | D:11     | Killed a boulder beetle
 13696 | D:12     | Found a gate leading to a gauntlet.
 13696 | D:12     | Found a runed translucent door.
 13702 | Gauntlet | Entered a Gauntlet
 13702 | Gauntlet | Found a transporter.
 13702 | Gauntlet | Found a transporter.
 13723 | Gauntlet | Found a transporter.
 13723 | Gauntlet | Found a transporter.
 13728 | Gauntlet | Noticed a glowing orange brain
 13729 | Gauntlet | Noticed a purple ugly thing
 13733 | Gauntlet | Found a transporter.
 13742 | Gauntlet | Found the +3 pair of seven-league boots {Rampage+∞}
 13755 | Gauntlet | Found a transporter.
 13757 | Gauntlet | Noticed a fire crab
 13761 | Gauntlet | Found a transporter.
 13766 | Gauntlet | Found a transporter.
 13789 | Gauntlet | Found a transporter.
 13791 | Gauntlet | Noticed a fire crab
 13795 | Gauntlet | Found a transporter.
 13813 | Gauntlet | Found a transporter.
 13841 | Gauntlet | Found a transporter.
 13880 | Gauntlet | Noticed a lindwurm
 13927 | Gauntlet | Learned a level 5 spell: Lightning Bolt
 13949 | Gauntlet | Reached XP level 12. HP: 38/72 MP: 18/24
 13955 | Gauntlet | Identified the +0 cloak of Untold Secrets {rCorr Dex-3
                  | Stlth+}
 14009 | Gauntlet | Reached skill level 1 in Summonings
 14015 | Gauntlet | Identified the ring "Veacal" {*Slow rPois rN+ rCorr}
 14056 | Gauntlet | Noticed a minotaur
 14125 | Gauntlet | Killed a minotaur
 14232 | Gauntlet | Identified the +11 short sword "Gyanneta" {spect, rCorr
                  | MP+9 Dex+2}
 14387 | D:12     | Reached skill level 5 in Air Magic
 14877 | D:12     | Found a runed translucent door.
 14889 | D:12     | Found a runed translucent door.
 14903 | D:12     | Found a runed translucent door.
 14916 | D:12     | Found a runed translucent gate.
 14916 | D:12     | Found a runed translucent gate.
 14916 | D:12     | Found a runed translucent gate.
 14916 | D:12     | Noticed Peloso's ghost (journeyman MiFi)
 15173 | D:12     | Noticed Nergalle
 15185 | D:12     | Killed Nergalle
 15364 | D:12     | Found a staircase to the Orcish Mines.
 15468 | D:12     | Slain by a freezing wraith

Illustrated notes

Levels and vault maps discovered:
D:1:      shiori_arrival_maze, layout_rooms
D:2:      minmay_general_purpose_star, layout_basic, uniq_crazy_yiuf_cottage
D:3:      layout_basic, gammafunk_ghost_icy
D:4:      layout_layer_cave, kennysheep_little_box, uniq_natasha
D:5:      layout_basic, kennysheep_mini, gammafunk_temple_overflow_claw,
          uniq_pikel
D:6:      layout_loops_ring, xom_butterflies, ebering_ghost_xom, uniq_grinder,
          uniq_blork_the_orc, uniq_sigmund
D:7:      layout_rooms, minmay_temple_entry_stoned_glass, chequers_mini_garden,
          minmay_manual_monstrance
D:8:      layout_loops_ring, david_lair_generic
D:9:      layout_roguey, serial_shops, nicolae_shop_crystal
D:10:     layout_basic, kennysheep_just_a_vault
D:11:     layout_basic, lightli_minifort
D:12:     layout_roguey, hiddenorc1_lemuel, gammafunk_ghost_spectres,
          gauntlet_entry_generic, st_stairs_10, minmay_statue_crystal_thing,
          uniq_nergalle
Temple:   eino_temple_scatter_basement

Skill      XL: |  1  2  3  4  5  6  7  8  9 10 11 12 |
---------------+-------------------------------------+-----
Stealth        | 3 4 5 |  5.9
Conjurations   | 2 3 4 6 7 8 |  8.8
Maces & Flails | 1 2 4 5 6 |  6.5
Fire Magic     | 4 5 6 7 8 9 |  9.8
Spellcasting   | 3 4 5 6 7 8 |  8.9
Fighting       | 1 2 3 |  3.3
Dodging        | 3 4 |  4.2
Air Magic      | 3 4 5 |  5.4
Shields        | 1 2 |  2.4
Hexes          | 1 2 |  2.4
Invocations    | 3 |  3.8
Summonings     | 1 |  1.9
Evocations     | |  0.5

Action                   |  1- 3 |  4- 6 |  7- 9 | 10-12 || total
-------------------------+-------+-------+-------+-------++-------
Melee: Unarmed           |     3 |       |       |       ||     3
       Dagger            |    14 |       |       |       ||    14
       Constrict         |    13 |     3 |     9 |    17 ||    42
       Tentacles         |     9 |     3 |     5 |    24 ||    41
       Morningstar       |    23 |    14 |    33 |   101 ||   171
       Punch             |       |       |     1 |     2 ||     3
 Cast: Foxfire           |    55 |    71 |    72 |   245 ||   443
       Scorch            |     1 |     6 |     9 |    76 ||    92
       Conjure Flame     |     1 |     1 |     4 |    20 ||    26
       Inner Flame       |       |     2 |     5 |    28 ||    35
       Flame Wave        |       |       |     3 |    12 ||    15
       Summon Lightning  |       |       |       |     6 ||     6
Invok: Channel Magic     |       |       |       |     2 ||     2
Evoke: Wand              |       |       |     1 |     6 ||     7
       Lightning rod     |       |       |       |     1 ||     1
       Phial of floods   |       |       |       |     1 ||     1
  Use: Scroll            |     4 |     8 |     6 |     6 ||    24
       Potion            |       |     4 |     1 |    14 ||    19
 Stab: Sleeping          |     3 |     2 |       |     1 ||     6
Armor: Skin              |     1 |     1 |       |    15 ||    17
Dodge: Dodged            |    39 |    18 |    44 |   151 ||   252
Block: Buckler           |       |     3 |    11 |    64 ||    78
